 Dungeon Crawl Stone Soup version 0.19-a0-148-g706f639 (webtiles) character file.

9881 cojito the Archer (level 11, -8/105 HPs)
             Began as a Centaur Hunter on May 19, 2016.
             Was a Believer of Fedhas.
             Mangled by a death knight
             ... wielding a +3 battleaxe
              (24 damage)
             ... on level 11 of the Dungeon.
             The game lasted 00:25:15 (11683 turns).

cojito the Archer (Centaur Hunter)                 Turns: 11683, Time: 00:25:16

Health: -8/105     AC: 10    Str: 21    XL:     11   Next: 28%
Magic:  11/11      EV:  9    Int: 10    God:    Fedhas [**....]
Gold:   487        SH:  0    Dex: 10    Spells: 0 memorised, 10 levels left

rFire  + . .     SeeInvis +     a - +1 shortbow
rCold  . . .     Gourm    .     T - +1 ring mail "Zaacw" {Str+3}
rNeg   . . .     Faith    +     (shield currently unavailable)
rPois  .         Spirit   .     q - +2 helmet
rElec  .         Dismiss  .     X - +0 cloak
rCorr  .         Reflect  .     (no gloves)
SustAt .         Harm     .     (no barding)
MR     .....                    e - amulet of faith
Stlth  ..........               c - ring of see invisible
                                J - ring of protection from fire

@: very quick, not resistant to hostile enchantments, extremely unstealthy
A: hooves 3, deformed body, speed 2, tough skin 3, wild magic 1
a: Evolution, Sunlight, Renounce Religion


You were on level 11 of the Dungeon.
You worshipped Fedhas.
Fedhas was pleased with you.
You were not hungry.

You visited 2 branches of the dungeon, and saw 12 of its levels.

You collected 487 gold pieces.

Inventory:

Hand Weapons
 a - a +1 shortbow (weapon)
 b - a +2 scythe of protection
Missiles
 d - 180 arrows (quivered)
Armour
 q - a +2 helmet (worn)
 I - a +2 chain mail of positive energy
 N - the +2 leather armour "Devas" {rPois rC- Int+2}
   (You found it on level 7 of the Dungeon)

   It affects your intelligence (+2).
   It makes you vulnerable to cold.
   It protects you from poison.
 S - a +0 mottled dragon armour
 T - the +1 ring mail "Zaacw" (worn) {Str+3}
   (You found it on level 8 of the Dungeon)

   It affects your strength (+3).
 X - a +0 cloak (worn)
Jewellery
 c - a ring of see invisible (right hand)
 e - an amulet of faith (around neck)
 D - an uncursed ring of sustain attributes
 J - a ring of protection from fire (left hand)
Wands
 k - a wand of flame (22/48)
 r - a wand of flame (22/48)
 u - a wand of iceblast (0/15)
 Q - a wand of disintegration (0/24)
 R - a wand of polymorph (8/24)
 W - a wand of confusion (0/48)
Scrolls
 h - 2 scrolls of remove curse
 i - a scroll of amnesia {unknown}
 m - a scroll of enchant weapon {unknown}
 v - 3 scrolls of fog {unknown}
 x - 2 scrolls of immolation {unknown}
 z - 3 scrolls of recharging {unknown}
 B - 3 scrolls of random uselessness {unknown}
 C - 2 scrolls of fear {unknown}
 E - 2 scrolls of noise {unknown}
 H - 3 scrolls of magic mapping {unknown}
 L - a scroll of blinking {unknown}
 V - 2 scrolls of teleportation {unknown}
Potions
 g - a potion of lignification
 j - 2 potions of haste
 n - a potion of brilliance
 s - 3 potions of curing
 w - a potion of invisibility
 G - a potion of cure mutation
 O - 2 potions of might
 P - 2 potions of ambrosia
 U - a potion of cancellation
Books
 Z - a book of Battle

   Spells                             Type                      Level
   a - Infusion                       Charms                       1
   b - Shroud of Golubria             Charms/Translocation         2
   c - Song of Slaying                Charms                       2
   d - Spectral Weapon                Hexes/Charms                 3
   e - Regeneration                   Charms/Necromancy            3
Comestibles
 f - 12 bread rations
 l - 3 meat rations
 p - a beef jerky


   Skills:
 + Level 12.4 Fighting
 - Level 5.3 Polearms
 + Level 14.7 Bows
 - Level 1.3 Dodging
 - Level 0.5 Stealth


You had 10 spell levels left.
You didn't know any spells.

Dungeon Overview and Level Annotations

Branches:
Dungeon (11/15)            Temple (1/1) D:4            Lair (0/8) D:11
    Orc (0/2) D:9

Altars:
Ashenzari
Cheibriados
Dithmenos
Elyvilon
Fedhas
Gozag
Kikubaaqudgha
Makhleb
Nemelex Xobeh
Okawaru
Pakellas
Qazlal
Ru
Trog
Vehumet
Xom
Yredelemnul
Zin
The Shining One

Shops:
D:4 (


Innate Abilities, Weirdness & Mutations

You have hooves in place of feet.
Armour fits poorly on your strangely shaped body.
You cover ground very quickly.
You have extremely tough skin (AC +3).
Your spells are a little harder to cast, but a little more powerful.


Message History

a - a +1 shortbow (weapon)
Firing (i - inventory):
d - 182 arrows (quivered)
Press: ? - help, Shift-Dir - straight line, f/p - death knight
Aim: a death knight, wielding an enchanted battleaxe and wearing a chain mail (almost dead, reflecting injuries)
You shoot an arrow. The arrow hits the death knight!
The death knight is almost dead.
Your damage is reflected back at you!
* * * LOW HITPOINT WARNING * * *
Firing (i - inventory):
d - 181 arrows (quivered)
Press: ? - help, Shift-Dir - straight line, f/p - death knight
Aim: a death knight, wielding an enchanted battleaxe and wearing a chain mail (almost dead, reflecting injuries)
You shoot an arrow.
The arrow completely misses the death knight.
Drink which item? (? for menu, Esc to quit)
You feel better.
Drink which item? (? for menu, Esc to quit)
You feel better.
The death knight hits you with an enchanted battleaxe!!
You die...
Fedhas appreciates your contribution to the ecosystem.

(....### ##.#
.....(.##
##.##
...###..###.##
=.## ##(....#
.## ##....##
## #.....# #
#.)(..##
#......####
#.(....Wp@#
#...####..#
##### ##.# #.#
### ###


You could see a death knight and a freezing wraith.

Vanquished Creatures
  Erolcha (D:9)
  Nergalle (D:10)
  Pikel (D:7)
  A hill giant (D:10)
  Maurice (D:9)
  Joseph (D:10)
  A two-headed ogre (D:10)
  A troll (D:10)
  A wyvern (D:7)
  A yak (D:10)
  Sigmund (D:6)
  A spriggan (D:9)
  3 wasps
  A steam dragon (D:9)
  2 hungry ghosts
  A vampire mosquito (D:10)
  The ghost of bjtr the Gusty, an amateur DrAE (D:3)
  A hippogriff (D:10)
  Edmund (D:5)
  2 hell hounds (D:11)
  5 orc warriors
  A sky beast (D:9)
  8 ogres
  3 ice beasts
  A phantom (D:9)
  4 centaurs
  A crocodile (D:9)
  3 giant frogs
  3 scorpions
  4 killer bees (D:9)
  A howler monkey (D:10)
  2 vampire bats (D:9)
  2 jellies
  9 crimson imps
  2 giant frog zombies
  5 hounds
  A giant frog skeleton (D:9)
  9 orc priests
  6 orc wizards
  3 centaur skeletons
  Jessica (D:2)
  Natasha (thrice) (D:2)
  2 iguanas
  4 worker ants
  2 hound zombies
  A hound skeleton (D:11)
  Robin (D:2)
  4 gnolls
  A worker ant zombie (D:5)
  21 adders
  A howler monkey skeleton (D:4)
  3 shadow imps
  2 oozes
  A worm (D:4)
  3 dart slugs (D:1)
  A giant gecko (D:2)
  24 orcs
  3 ball pythons (D:2)
  10 bats
  A giant cockroach (D:1)
  8 hobgoblins
  3 jackals (D:6)
  A quokka (D:2)
  4 giant newts
  2 gnoll zombies (D:6)
  19 goblins
  5 kobolds
  A quokka skeleton (D:7)
  4 rats
233 creatures vanquished.

Vanquished Creatures (others)
  A slave (D:7)
  A crimson imp (D:7)
  A wasp zombie (D:11)
  A centaur skeleton (D:7)
  A giant cockroach (D:7)
  74 toadstools
79 creatures vanquished.

Grand Total: 312 creatures vanquished

Notes
Turn   | Place    | Note
--------------------------------------------------------------
     0 | D:1      | cojito the Centaur Hunter began the quest for the Orb.
     0 | D:1      | Reached XP level 1. HP: 17/17 MP: 1/1
    60 | D:1      | Reached XP level 2. HP: 19/25 MP: 2/2
   573 | D:2      | Reached skill level 6 in Bows
   575 | D:2      | Found a radiant altar of Vehumet.
   621 | D:2      | Reached XP level 3. HP: 28/30 MP: 3/3
   684 | D:2      | Noticed Jessica
   693 | D:2      | Killed Jessica
   754 | D:2      | Noticed Natasha
   761 | D:2      | Killed Natasha
   761 | D:2      | Reached XP level 4. HP: 29/38 MP: 4/4
   784 | D:2      | Noticed Robin
   904 | D:2      | Killed Robin
  1222 | D:2      | Reached skill level 7 in Bows
  1261 | D:2      | Noticed Natasha
  1266 | D:2      | Killed Natasha
  1266 | D:2      | Reached XP level 5. HP: 40/46 MP: 5/5
  1289 | D:2      | Noticed Natasha
  1302 | D:2      | Killed Natasha
  1302 | D:2      | Reached skill level 1 in Polearms
  1537 | D:3      | Found an ancient bone altar of Kikubaaqudgha.
  1864 | D:3      | Noticed bjtr's ghost (amateur DrAE)
  2320 | D:3      | Killed bjtr's ghost
  2320 | D:3      | Reached XP level 6. HP: 46/55 MP: 6/6
  2486 | D:4      | Found a staircase to the Ecumenical Temple.
  2513 | D:4      | Found Gox Teewk's Antique Weapon Emporium.
  2528 | Temple   | Entered the Ecumenical Temple
  2564 | Temple   | Became a worshipper of Fedhas Madash
  2752 | D:4      | Reached skill level 5 in Fighting
  3251 | D:4      | Reached XP level 7. HP: 44/61 MP: 7/7
  3521 | D:5      | Entered Level 5 of the Dungeon
  3563 | D:5      | Found a white marble altar of Elyvilon.
  3765 | D:5      | Noticed Edmund
  3836 | D:5      | Killed Edmund
  3836 | D:5      | Reached skill level 5 in Polearms
  3836 | D:5      | Reached XP level 8. HP: 30/71 MP: 8/8
  4496 | D:6      | Reached skill level 8 in Bows
  4502 | D:6      | Found a shadowy altar of Dithmenos.
  4654 | D:6      | Noticed Sigmund
  4677 | D:6      | Killed Sigmund
  4699 | D:6      | Found a sacrificial altar of Ru.
  4912 | D:6      | Reached skill level 9 in Bows
  5063 | D:6      | Found a basalt altar of Yredelemnul.
  5121 | D:7      | Reached XP level 9. HP: 73/82 MP: 9/9
  5149 | D:7      | Found a bloodstained altar of Trog.
  5205 | D:7      | Noticed Pikel
  5222 | D:7      | Killed Pikel
  5222 | D:7      | Reached skill level 10 in Bows
  5708 | D:7      | Got a heavily runed leather armour
  5719 | D:7      | Identified the +2 leather armour "Devas" {rPois rC- Int+2} (You found it on level 7 of the Dungeon)
  5756 | D:7      | Paralysed by a wasp for 3 turns
  5863 | D:7      | Found an iron altar of Okawaru.
  6636 | D:8      | Reached skill level 11 in Bows
  6647 | D:8      | Got a faintly glowing ring mail
  6658 | D:8      | Identified the cursed +1 ring mail "Zaacw" {Str+3} (You found it on level 8 of the Dungeon)
  6859 | D:9      | Noticed Erolcha
  7036 | D:9      | Noticed Maurice
  7058 | D:9      | Killed Maurice
  7058 | D:9      | Reached skill level 10 in Fighting
  7464 | D:9      | Reached XP level 10. HP: 90/93 MP: 10/10
  7595 | D:9      | Reached skill level 12 in Bows
  7749 | D:9      | Reached * piety under Fedhas
  7824 | D:9      | Found a staircase to the Orcish Mines.
  7840 | D:9      | Paralysed by Erolcha for 2 turns
  7847 | D:9      | Killed Erolcha
  8403 | D:9      | Reached skill level 13 in Bows
  8429 | D:9      | Gained mutation: Your spells are a little harder to cast, but a little more powerful. [potion of beneficial mutation]
  8586 | D:10     | Entered Level 10 of the Dungeon
  8955 | D:10     | Noticed Nergalle
  9000 | D:10     | Killed Nergalle
  9290 | D:10     | Noticed Joseph
  9317 | D:10     | Killed Joseph
  9317 | D:10     | Reached skill level 14 in Bows
  9360 | D:10     | Reached XP level 11. HP: 33/104 MP: 11/11
  9807 | D:10     | Reached ** piety under Fedhas
 10002 | D:11     | Noticed a green ugly thing
 10216 | D:11     | Found a staircase to the Lair.
 10294 | D:11     | Noticed a hill giant
 10814 | D:10     | Noticed a hill giant
 10828 | D:10     | Killed a hill giant
 11058 | D:11     | Noticed a death knight
 11074 | D:11     | Noticed a phantasmal warrior
 11683 | D:11     | Mangled by a death knight

Vault maps used:
D:1:      tarquinn_simple_flora_water_f
D:2:      old_standard_altar, first_bread, minmay_splitting_lines, uniq_jessica,
          uniq_robin, uniq_natasha
D:3:      kiku_gazebo_pond_becter
D:4:      serial_shops, nicolae_shop_crystal
D:5:      kennysheep_little_box, uniq_edmund
D:6:      nicolae_ru_path_of_blood, grunt_dithmenos_smoke_and_mirrors,
          lemuel_zombie_altar_yredelemnul, uniq_sigmund
D:7:      okawaru_altar_gauntlet_db, lemuel_doored_altar, uniq_pikel
D:9:      orc_0_dummy, the_bakery, roderic_batcave, serial_bayou_pond_e,
          uniq_erolcha, uniq_maurice
D:10:     uniq_nergalle, uniq_joseph
D:11:     minmay_lair_entry_lava
Temple:   circular_temple_12

Skill      XL: |  1  2  3  4  5  6  7  8  9 10 11 |
---------------+----------------------------------+-----
Bows           | 6 7 9 11 14 | 14.7
Fighting       | 3 4 5 6 8 10 11 12 | 12.4
Polearms       | 2 3 5 |  5.3
Dodging        | |  1.3
Stealth        | |  0.5

Action                   |  1- 3 |  4- 6 |  7- 9 | 10-12 || total
-------------------------+-------+-------+-------+-------++-------
Melee: Short sword       |    20 |       |       |       ||    20
       Kick              |     5 |    22 |    53 |    63 ||   143
       Spear             |    14 |   168 |    40 |       ||   222
       Trident           |       |       |    72 |       ||    72
       Scythe            |       |       |   171 |   336 ||   507
 Fire: Shortbow          |    42 |    74 |   128 |    78 ||   322
Evoke: Wand              |       |     4 |     5 |    17 ||    26
  Use: Potion            |       |     1 |     1 |    10 ||    12
       Scroll            |       |       |     1 |    10 ||    11
 Stab: Confused          |       |       |       |     1 ||     1
  Eat: Chunk             |       |     6 |     8 |    10 ||    24
       Beef jerky        |       |       |     2 |       ||     2
       Pizza             |       |       |     1 |       ||     1
       Meat ration       |       |       |       |     1 ||     1
Armor: Leather armour    |    16 |    70 |   130 |       ||   216
       Skin              |       |       |    10 |    47 ||    57
       Ring mail         |       |       |    43 |   280 ||   323
Dodge: Dodged            |    20 |    66 |   146 |   195 ||   427
